 Dungeon Crawl Stone Soup version 0.21-a0-498-g1b60429 (webtiles) character file.

16122 kiturien the Carver (level 12, -2/95 HPs)
             Began as a Minotaur Fighter on Nov 23, 2017.
             Was an Elder of Wu Jian.
             Slain by an orc warlord
             ... wielding a +0 war axe
              (29 damage)
             ... on level 2 of the Orcish Mines on Nov 24, 2017.
             The game lasted 00:42:46 (13119 turns).

kiturien the Carver (Minotaur Fighter)             Turns: 13119, Time: 00:42:47

Health: -2/95      AC: 23    Str: 29    XL:     12   Next: 7%
Magic:  9/9        EV: 10    Int: 14    God:    Wu Jian [****..]
Gold:   1512       SH: 13    Dex: 10    Spells: 11/11 levels left

rFire    . . .     SeeInvis .   N - +0 scimitar (flame)
rCold    . . .     Gourm    .   c - +0 shield
rNeg     . . .     Faith    .   u - +0 plate armour
rPois    .         Spirit   .   n - +2 hat
rElec    .         Reflect  .   K - +2 cloak {MR+}
rCorr    .         Harm     .   L - +0 pair of gloves of Asaan {*Contam Int+6}
MR       ++...                  s - +1 pair of boots
Stlth    ..........             (no amulet)
HPRegen  0.25/turn              k - +3 ring of intelligence
MPRegen  0.11/turn              i - +3 ring of strength

@: drained
A: retaliatory headbutt, horns 2, blink, frail 1, low mp 1, magic resistance 1
a: Blink, Serpent's Lash, Renounce Religion


You were on level 2 of the Orcish Mines.
You worshipped Wu Jian.
Wu Jian was greatly pleased with you.
You were not hungry.

You visited 4 branches of the dungeon, and saw 16 of its levels.
You also visited: Ossuary.

You collected 1512 gold pieces.

Inventory:

Hand Weapons
 N - a +0 scimitar of flaming (weapon)
Armour
 b - a +0 scale mail
 c - a +0 shield (worn)
 n - a +2 hat (worn)
 s - a +1 pair of boots (worn)
 u - a +0 plate armour (worn)
 K - a +2 cloak of magic resistance (worn)
 L - the +0 pair of gloves of Asaan (worn) {*Contam Int+6}
   (You found it on level 10 of the Dungeon)

   It affects your intelligence (+6).
   It causes magical contamination when unequipped.
Jewellery
 i - a +3 ring of strength (right hand)
 k - a +3 ring of intelligence (left hand)
 w - an uncursed ring of ice
 C - an uncursed ring of flight
Wands
 p - a wand of polymorph (38)
 J - a wand of iceblast (8)
 M - a wand of enslavement (15)
Scrolls
 l - 4 scrolls of teleportation
 q - 8 scrolls of identify
 r - a scroll of fog
 t - 3 scrolls of remove curse
 A - a scroll of fear
 H - a scroll of enchant weapon
 I - 4 scrolls of magic mapping
Potions
 d - 2 potions of might
 g - a potion of magic {unknown}
 m - a potion of curing
 o - a potion of berserk rage
 v - a potion of heal wounds
 x - a potion of flight
 z - a potion of haste
 D - a potion of resistance
 E - a potion of agility
Comestibles
 f - 8 bread rations
 h - 7 meat rations
 j - 18 fruits
 B - 5 royal jellies


   Skills:
 * Level 9.8(9.5) Fighting
 * Level 13.7(13.3) Long Blades
 * Level 10.4(10.0) Armour
 * Level 7.0(6.6) Dodging
 * Level 11.7(11.3) Shields


You had 11 spell levels left.
You didn't know any spells.

Dungeon Overview and Level Annotations

Branches:
Dungeon (12/15)            Temple (1/1) D:7            Lair (1/6) D:9
    Orc (2/2) D:11            Elf (0/3) Orc:2

Altars:
Ashenzari
Cheibriados
Dithmenos
Elyvilon
Fedhas
Gozag
Hepliaklqana
Kikubaaqudgha
Makhleb
Nemelex Xobeh
Okawaru
Qazlal
Ru
Sif Muna
Trog
Uskayaw
Vehumet
Wu Jian
Xom
Yredelemnul
Zin
The Shining One

Shops:
D:4 *

Portals:
Trove: D:11 (give +6 demon trident)


Innate Abilities, Weirdness & Mutations

You reflexively headbutt those who attack you in melee.
You have a pair of horns on your head.
You can translocate small distances at will.
You are frail. (-10% HP)
Your magical capacity is low. (-10% MP)
You are resistant to hostile enchantments. (MR+)


Message History

The orc warlord goes into a battle-frenzy!
The orc knight shoots a bolt.
The bolt closely misses you.
The orc priest invokes the aid of Beogh against you.
Beogh smites you!
Unknown command.
The orc knight shoots a bolt.
The bolt hits you.
* * * LOW HITPOINT WARNING * * *
You see here a bolt.
Items here: )) [[ a robe; a dagger; a ring mail; a trident The orc priest calls down the wrath of Beogh upon you.
Beogh smites you!
* * * LOW HITPOINT WARNING * * *
The orc priest mumbles some strange prayers to Beogh against you.
Beogh smites you!
* * * LOW HITPOINT WARNING * * *
You see here 2 tomahawks.
You feel much better.
The orc warlord hits you with a war axe!!
You die...

....#....#...o..###
......((###.....# .#.....##
##....# ###.#.## ##.....##
#### #.......# ##.....##
###.)..# ##....### ###
##....)@.## ##.#####
#.....)o[.###...##.##
##.##.#o[((##..##...##
#####..).##...##....##
##oo)............##
###o...#...........#
##.............##...#
##..............###.##
#######.....................


You could see an orc warlord, an orc knight and 3 orc priests.

Vanquished Creatures
  Erica (D:11)
  2 two-headed ogres (D:8)
  3 orc sorcerers (Orc:2)
  A spiny frog (Lair:1)
  Psyche (D:10)
  Maurice (D:10)
  A centaur skeleton (D:10)
  2 hippogriffs
  A wraith (D:10)
  2 wyverns
  A vampire (D:9)
  2 basilisks
  4 yaks (D:11)
  4 hogs (D:7)
  A human (D:7)
  2 hungry ghosts
  Menkaure (D:6)
  3 wargs (Orc:2)
  Edmund (D:5)
  A water moccasin (Lair:1)
  16 orc warriors
  4 ice beasts
  3 sky beasts
  2 phantoms
  10 ogres
  2 black bears (D:10)
  2 necrophages
  8 wolves (Lair:1)
  A crocodile (D:6)
  6 centaurs
  3 big kobolds
  Blork the orc (D:6)
  4 bullfrogs
  3 scorpions
  7 killer bees
  2 howler monkeys
  2 centaur zombies
  A crimson imp (D:8)
  2 bullfrog skeletons
  A quasit (D:8)
  2 bullfrog zombies
  9 orc priests
  2 gnoll shamans (D:8)
  7 hounds
  Crazy Yiuf (D:2)
  24 orc wizards
  A jelly (D:7)
  5 iguanas
  5 worker ants
  A hound zombie (D:10)
  A hound skeleton (D:8)
  8 mummies (Ossuary)
  Robin (D:2)
  9 gnolls (D:8)
  19 adders
  2 shadow imps
  An ooze (D:2)
  3 adder skeletons
  An adder zombie (D:9)
  A dart slug (D:3)
  3 leopard geckos
  67 orcs
  3 giant cockroaches
  3 gnoll zombies (Ossuary)
  15 goblins
  7 hobgoblins
  14 jackals
  18 kobolds
  A quokka (D:11)
  4 bats
  4 frilled lizards
  3 hobgoblin zombies (Ossuary)
  A jackal zombie (D:5)
  A kobold zombie (Ossuary)
  2 leopard gecko skeletons
  An orc zombie (Ossuary)
  5 rats
370 creatures vanquished.

Notes
Turn   | Place    | Note
-------+----------+-------------------------------------------
     0 | D:1      | kiturien the Minotaur Fighter began the quest for the Orb.
     0 | D:1      | Reached XP level 1. HP: 19/19 MP: 0/0
   242 | D:1      | Reached XP level 2. HP: 27/27 MP: 1/1
   809 | D:2      | Reached XP level 3. HP: 20/33 MP: 2/2
  1095 | D:2      | Noticed Robin
  1137 | D:2      | Killed Robin
  1137 | D:2      | Reached skill level 3 in Long Blades
  1137 | D:2      | Reached XP level 4. HP: 19/40 MP: 3/3
  1369 | D:2      | Found a runed door.
  1373 | D:2      | Noticed Crazy Yiuf
  1376 | D:2      | Killed Crazy Yiuf
  1376 | D:2      | Reached skill level 1 in Dodging
  1718 | D:3      | Found a radiant altar of Vehumet.
  1836 | D:3      | Reached XP level 5. HP: 36/46 MP: 4/4
  1877 | D:3      | Reached skill level 5 in Shields
  2303 | D:3      | Reached skill level 4 in Long Blades
  2714 | D:4      | Found Joigamem's Assorted Antiques.
  2997 | D:5      | Entered Level 5 of the Dungeon
  3001 | D:5      | Reached XP level 6. HP: 53/53 MP: 5/5
  3052 | D:5      | Noticed an ice beast
  3064 | D:5      | Killed an ice beast
  3064 | D:5      | Reached skill level 5 in Long Blades
  3064 | D:5      | Reached skill level 5 in Armour
  3082 | D:5      | Noticed a sky beast
  3101 | D:5      | Killed a sky beast
  3101 | D:5      | Reached XP level 7. HP: 39/60 MP: 6/6
  3130 | D:5      | Found a blossoming altar of Fedhas.
  3225 | D:5      | Reached skill level 5 in Fighting
  3735 | D:5      | Reached skill level 6 in Long Blades
  4058 | D:6      | Noticed Edmund
  4073 | D:5      | Killed Edmund
  4234 | D:6      | Found a bloodstained altar of Trog.
  4260 | D:6      | Found a sand-covered staircase.
  4270 | D:6      | Reached XP level 8. HP: 49/69 MP: 7/7
  4312 | Ossuary  | Entered an ossuary
  4350 | Ossuary  | Reached skill level 7 in Long Blades
  4666 | Ossuary  | Gained mutation: Your magical capacity is low. (-10% MP) [potion of mutation]
  4666 | Ossuary  | Gained mutation: Your flesh is cold resistant. (rC+) [potion of mutation]
  4666 | Ossuary  | Gained mutation: Your system is resistant to poisons. (rPois) [potion of mutation]
  4767 | D:6      | Found a basalt altar of Yredelemnul.
  4825 | D:6      | Noticed Blork the orc
  4832 | D:6      | Killed Blork the orc
  5140 | D:6      | Noticed Menkaure
  5148 | D:6      | Killed Menkaure
  5148 | D:6      | Reached skill level 8 in Long Blades
  5673 | D:7      | Reached XP level 9. HP: 66/75 MP: 7/7
  5677 | D:7      | Reached skill level 9 in Long Blades
  5852 | D:7      | Found a staircase to the Ecumenical Temple.
  6149 | D:8      | Reached skill level 10 in Long Blades
  6173 | D:8      | Noticed a two-headed ogre
  6185 | D:8      | Killed a two-headed ogre
  6308 | D:8      | Reached XP level 10. HP: 83/86 MP: 8/8
  6786 | D:8      | Noticed a two-headed ogre
  6819 | D:8      | Killed a two-headed ogre
  6819 | D:8      | Reached skill level 5 in Dodging
  7201 | D:9      | Reached skill level 11 in Long Blades
  7280 | D:9      | Found a staircase to the Lair.
  7293 | D:9      | Found a burning altar of Makhleb.
  7293 | D:9      | Noticed a green death
  7296 | D:9      | Noticed an orange demon
  7479 | Temple   | Entered the Ecumenical Temple
  7532 | Temple   | Became a worshipper of the Wu Jian Council
  8118 | D:9      | Got a bloodstained robe
  8120 | D:9      | Identified the +5 robe of the Albatross {*Drain rElec Int+9 Slay-3} (You found it on level 9 of the Dungeon)
  8511 | Lair:1   | Entered Level 1 of the Lair of Beasts
  8643 | Lair:1   | Noticed a spiny frog
  8654 | Lair:1   | Killed a spiny frog
  8654 | Lair:1   | Reached skill level 10 in Shields
  8851 | D:10     | Entered Level 10 of the Dungeon
  8873 | D:10     | Noticed Maurice
  8884 | D:10     | Killed Maurice
  8974 | D:10     | Reached skill level 12 in Long Blades
  8974 | D:10     | Reached XP level 11. HP: 94/94 MP: 8/8
  9053 | D:10     | Reached * piety under Wu Jian
  9305 | D:10     | Noticed Psyche
  9314 | D:10     | Killed Psyche
  9361 | D:10     | Got a pair of pitted gloves
  9367 | D:10     | Identified the cursed +0 pair of gloves of Asaan {*Contam Int+6} (You found it on level 10 of the Dungeon)
  9754 | D:10     | Reached ** piety under Wu Jian
  9862 | D:11     | Found a portal to a secret trove of treasure.
 10075 | D:11     | Lost mutation: Your system is resistant to poisons. (rPois) [potion of mutation]
 10075 | D:11     | Lost mutation: Your flesh is cold resistant. (rC+) [potion of mutation]
 10075 | D:11     | Gained mutation: You are frail. (-10% HP) [potion of mutation]
 10075 | D:11     | Gained mutation: You are resistant to hostile enchantments. (MR+) [potion of mutation]
 10075 | D:11     | Gained mutation: You can translocate small distances at will. [potion of mutation]
 10374 | D:11     | Found a staircase to the Orcish Mines.
 10522 | D:11     | Noticed Erica
 10539 | D:12     | HP: 3/87 [ice beast (10)]
 10915 | D:11     | Killed Erica
 10915 | D:11     | Reached skill level 13 in Long Blades
 10919 | D:11     | Reached skill level 10 in Armour
 10966 | D:11     | Upgraded the game from 0.21-a0-496-g696f58f to 0.21-a0-498-g1b60429
 11059 | Orc:1    | Entered Level 1 of the Orcish Mines
 11061 | Orc:1    | Reached *** piety under Wu Jian
 11436 | Orc:2    | Entered Level 2 of the Orcish Mines
 11813 | Orc:2    | Found a staircase to the Elven Halls.
 11943 | Orc:2    | Noticed an orc sorcerer
 11949 | Orc:2    | Reached **** piety under Wu Jian
 11953 | Orc:2    | Killed an orc sorcerer
 11954 | Orc:2    | Noticed an orc sorcerer
 11967 | Orc:2    | Noticed an orc sorcerer
 11970 | Orc:2    | Killed an orc sorcerer
 11974 | Orc:2    | Noticed an orc knight
 11977 | Orc:2    | Noticed an orc high priest
 12280 | Orc:2    | Noticed an orc warlord
 12331 | Orc:2    | Reached XP level 12. HP: 95/95 MP: 9/9
 12439 | Orc:2    | Noticed an orc warlord
 13118 | Orc:2    | HP: 2/95 [orc priest/divine providence (11)]
 13119 | Orc:2    | Slain by an orc warlord

Vault maps used:
D:1:      dpeg_arrival_long_road
D:2:      first_bread, uniq_robin, uniq_crazy_yiuf_cottage
D:3:      cheibrodos_helix_gallery, fiery_altar_vehumet,
          kennysheep_generic_room_14
D:4:      serial_shops, shop
D:5:      kennysheep_mini
D:6:      bloody_trog, basic_altar, lightli_ossuary_entry_decrepit_ruins,
          uniq_menkaure, uniq_edmund, uniq_blork_the_orc
D:7:      temple_statues, grunt_livestock, serial_park_tiny_pond
D:8:      kennysheep_windowed_goal
D:9:      makhleb_altar_promises_db, lair_entry_dummy, serial_park_tiny_pond,
          amethyst_killhole
D:10:     uniq_psyche, uniq_maurice
D:11:     orc_0_dummy, nicolae_trove_entry_crossroad, uniq_erica
D:12:     serial_shops, shop, minmay_checkered_concentric_circles,
          uniq_nergalle, uniq_urug
Temple:   dpeg_five_rooms_temple
Lair:1:   beast_lair_carwin_large_3
Orc:2:    grunt_orc_cross, uniq_rupert
Ossuary:  ossuary_tomb_3

Skill      XL: |  1  2  3  4  5  6  7  8  9 10 11 12 |
---------------+-------------------------------------+-----
Fighting       | 4 5 6 7 8 9 |  9.8
Shields        | 4 5 6 7 8 10 11 | 11.7
Armour         | 4 5 6 7 8 9 10 | 10.4
Long Blades    | 3 4 5 6 8 10 12 13 | 13.7
Dodging        | 1 2 3 4 5 6 7 |  7.0

Action                   |  1- 3 |  4- 6 |  7- 9 | 10-12 || total
-------------------------+-------+-------+-------+-------++-------
Melee: Long sword        |    90 |   132 |   287 |   636 ||  1145
       Headbutt          |    11 |    23 |    87 |   170 ||   291
       Scimitar          |       |       |       |   196 ||   196
  Use: Scroll            |     3 |     3 |     3 |    12 ||    21
       Potion            |       |     6 |     5 |     5 ||    16
  Eat: Chunk             |       |     5 |     8 |    17 ||    30
       Bread ration      |       |     1 |       |     2 ||     3
       Fruit             |       |       |       |     2 ||     2
Armor: Scale mail        |    67 |    58 |    33 |       ||   158
       Plate armour      |       |       |    78 |   295 ||   373
Dodge: Dodged            |    39 |    31 |    88 |   186 ||   344
Block: Shield            |    80 |    61 |   158 |   442 ||   741
       Rpst.: Long sword |     7 |     8 |    30 |    35 ||    80
       Scimitar          |       |       |       |    14 ||    14

Table legend:
 A = Spawn XP
 B = Non-spawn XP
 C = Spawn XP percentage of total XP
 D = Spawn monster count
 E = Non-spawn monster count
 F = Spawn count percentage of total count
 G = Total turns spent on level
                    A         B        C        D         E        F      G
               +---------+---------+-------+---------+---------+-------+---------
         Total |       0 |   23032 |   0.0 |       0 |     370 |   0.0 | 13119
               +---------+---------+-------+---------+---------+-------+---------
           D:1 |       0 |      31 |   0.0 |       0 |      17 |   0.0 |   793
           D:2 |       0 |     130 |   0.0 |       0 |      20 |   0.0 |   925
           D:3 |       0 |     150 |   0.0 |       0 |      27 |   0.0 |   785
           D:4 |       0 |      42 |   0.0 |       0 |       1 |   0.0 |   494
           D:5 |       0 |     900 |   0.0 |       0 |      23 |   0.0 |  1107
           D:6 |       0 |     849 |   0.0 |       0 |      14 |   0.0 |   917
           D:7 |       0 |    1435 |   0.0 |       0 |      15 |   0.0 |   562
           D:8 |       0 |    3258 |   0.0 |       0 |      45 |   0.0 |  1374
           D:9 |       0 |    1388 |   0.0 |       0 |      28 |   0.0 |   974
          D:10 |       0 |    3693 |   0.0 |       0 |      40 |   0.0 |   970
          D:11 |       0 |    3560 |   0.0 |       0 |      48 |   0.0 |  1026
          D:12 |       0 |     606 |   0.0 |       0 |       6 |   0.0 |   363
        Lair:1 |       0 |    1790 |   0.0 |       0 |      12 |   0.0 |   287
         Orc:1 |       0 |     554 |   0.0 |       0 |      12 |   0.0 |  1001
         Orc:2 |       0 |    4492 |   0.0 |       0 |      46 |   0.0 |   908
       Ossuary |       0 |     154 |   0.0 |       0 |      16 |   0.0 |   379
               +---------+---------+-------+---------+---------+-------+---------
